| TOP OF THE 1ST |
|
Chester Pirates batting - Pitching for Brockton Rox : RHP Austin O'Connor
|
|
Pitching: RHP Austin O'Connor
|
|
|
Batting: RHB Terrence Wilson
|
0-0: Fly out, F8 (Line Drive, 8LD, EV 91.9 MPH)
|
|
Batting: RHB Tim Moore
|
0-0: Ball 1-0: SINGLE (Line Drive, 6D, EV 97.5 MPH)
|
|
Batting: RHB Brandon White
|
0-0: Called Strike 0-1: Ball 1-1: Swinging Strike 1-2: Foul Ball, location: 2F 1-2: Strikes out looking
|
|
Batting: LHB Carlos Vega
|
0-0: Ball 1-0: Called Strike 1-1: Swinging Strike 1-2: Ball 2-2: Strikes out swinging
|
| Top of the 1st over - 0 runs, 1 hit, 0 errors, 1 left on base; Chester 0 - Brockton 0 |
| BOTTOM OF THE 1ST |
|
Brockton Rox batting - Pitching for Chester Pirates : RHP Hitoshi Yoshihara
|
|
Pitching: RHP Hitoshi Yoshihara
|
|
|
Batting: RHB Sal Rivera
|
0-0: Ball 1-0: Swinging Strike 1-1: Swinging Strike 1-2: Strikes out swinging, 2-3 out at first.
|
|
Batting: RHB Mike Griffin
|
0-0: Ball 1-0: SINGLE (Line Drive, 4D, EV 101.9 MPH)
|
|
Batting: LHB Danny Montoya
|
0-0: Called Strike Pickoff Throw to First - Out! 1-3 0-1: Swinging Strike 0-2: Ground out 3-1 (Groundball, 34, EV 93.1 MPH)
|
| Bottom of the 1st over - 0 runs, 1 hit, 0 errors, 0 left on base; Chester 0 - Brockton 0 |
| TOP OF THE 2ND |
|
Chester Pirates batting - Pitching for Brockton Rox : RHP Austin O'Connor
|
|
Batting: RHB Zach Chmieleski
|
0-0: Called Strike 0-1: Swinging Strike 0-2: Strikes out looking
|
|
Batting: SHB Don Hauk
|
0-0: Ball 1-0: Swinging Strike 1-1: Foul Ball, location: 2F 1-2: Ball 2-2: Strikes out swinging
|
|
Batting: RHB Frank Elizondo
|
0-0: Ground out 5-3 (Groundball, 56S, EV 90.0 MPH)
|
| Top of the 2nd over - 0 runs, 0 hits, 0 errors, 0 left on base; Chester 0 - Brockton 0 |
| BOTTOM OF THE 2ND |
|
Brockton Rox batting - Pitching for Chester Pirates : RHP Hitoshi Yoshihara
|
|
Batting: LHB Miguel Maymi
|
0-0: Ball 1-0: Foul Ball, location: 2F 1-1: Ball 2-1: Foul Ball, location: 2F 2-2: SINGLE (Groundball, 34D, EV 96.9 MPH)
|
|
Batting: RHB Jim Hubbard
|
0-0: Called Strike 0-1: Ball 1-1: Ball 2-1: Ball 3-1: Called Strike 3-2: Ground out 6-3 (Groundball, 6, EV 99.4 MPH) Miguel Maymi to second
|
|
Batting: RHB Alex Melendez
|
0-0: Foul Ball, location: 2F 0-1: SINGLE (Groundball, 56D, EV 96.9 MPH) Miguel Maymi to third Runner from 3rd tries for Home, throw by LF and OUT! 7-2
|
|
Batting: RHB Travis Campbell
|
0-0: Ball 1-0: Called Strike 1-1: Called Strike 1-2: Ball 2-2: Foul Ball, location: 2F 2-2: Fielders Choice at 2nd, 5-4 (Groundball, 56, EV 75.6 MPH)
|
| Bottom of the 2nd over - 0 runs, 2 hits, 0 errors, 1 left on base; Chester 0 - Brockton 0 |
| TOP OF THE 3RD |
|
Chester Pirates batting - Pitching for Brockton Rox : RHP Austin O'Connor
|
|
Batting: RHB Erik Mulligan
|
0-0: SINGLE (Line Drive, 6D, EV 97.5 MPH)
|
|
Batting: LHB Chad Cutler
|
0-0: Called Strike 0-1: Called Strike 0-2: Foul Ball, location: 2F 0-2: Foul Ball, location: 2F 0-2: Strikes out swinging
|
|
Batting: RHB Terrence Wilson
|
0-0: Ball 1-0: Swinging Strike 1-1: DOUBLE (Groundball, 5L, EV 103.8 MPH) Erik Mulligan to third Runner from 3rd tries for Home, throw by LF and OUT! 7-6-2
|
|
Batting: RHB Tim Moore
|
0-0: Called Strike 0-1: Ground out 1-3 (Groundball, 13S, EV 66.9 MPH)
|
| Top of the 3rd over - 0 runs, 2 hits, 0 errors, 1 left on base; Chester 0 - Brockton 0 |
| BOTTOM OF THE 3RD |
|
Brockton Rox batting - Pitching for Chester Pirates : RHP Hitoshi Yoshihara
|
|
Batting: RHB Scott Hawkins
|
0-0: Called Strike 0-1: Swinging Strike 0-2: Strikes out swinging
|
|
Batting: LHB Mike Hutcheson
|
0-0: Foul Ball, location: 2F 0-1: DOUBLE (Line Drive, 78XD, EV 100.6 MPH)
|
|
Batting: RHB Sal Rivera
|
0-0: Ball 1-0: Swinging Strike 1-1: Fly out, F7 (Line Drive, 7S, EV 111.2 MPH)
|
|
Batting: RHB Mike Griffin
|
0-0: Swinging Strike 0-1: Ground out 6-3 (Groundball, 6, EV 86.9 MPH)
|
| Bottom of the 3rd over - 0 runs, 1 hit, 0 errors, 1 left on base; Chester 0 - Brockton 0 |
| TOP OF THE 4TH |
|
Chester Pirates batting - Pitching for Brockton Rox : RHP Austin O'Connor
|
|
Batting: RHB Brandon White
|
0-0: Ball 1-0: Called Strike 1-1: Ball 2-1: Foul Ball, location: 2F 2-2: Ball 3-2: Foul Ball, location: 2F 3-2: Foul Ball, location: 2F 3-2: Hit by Pitch
|
|
Batting: LHB Carlos Vega
|
0-0: Foul Ball, location: 2F 0-1: Ball 1-1: Ball 2-1: Foul Ball, location: 2F 2-2: Foul Ball, location: 2F 2-2: Fly out, F8 (Line Drive, 8RS, EV 102.5 MPH)
|
|
Batting: RHB Zach Chmieleski
|
0-0: Swinging Strike 0-1: Swinging Strike 0-2: Strikes out swinging
|
|
Batting: SHB Don Hauk
|
0-0: Called Strike 0-1: Ground out 4-3 (Groundball, 4S, EV 83.1 MPH)
|
| Top of the 4th over - 0 runs, 0 hits, 0 errors, 1 left on base; Chester 0 - Brockton 0 |
| BOTTOM OF THE 4TH |
|
Brockton Rox batting - Pitching for Chester Pirates : RHP Hitoshi Yoshihara
|
|
Batting: LHB Danny Montoya
|
0-0: Ball 1-0: Foul Ball, location: 2F 1-1: Foul Ball, location: 2F 1-2: Foul Ball, location: 2F 1-2: Foul Ball, location: 2F 1-2: Ball 2-2: Strikes out swinging
|
|
Batting: LHB Miguel Maymi
|
0-0: Called Strike 0-1: Ball 1-1: Ball 2-1: Ball 3-1: Fly out, F9 (Flyball, 9LS, EV 73.8 MPH)
|
|
Batting: RHB Jim Hubbard
|
0-0: Ball 1-0: Called Strike 1-1: Ground out 1-3 (Groundball, P, EV 75.0 MPH)
|
| Bottom of the 4th over - 0 runs, 0 hits, 0 errors, 0 left on base; Chester 0 - Brockton 0 |
| TOP OF THE 5TH |
|
Chester Pirates batting - Pitching for Brockton Rox : RHP Austin O'Connor
|
|
Batting: RHB Frank Elizondo
|
0-0: Foul Ball, location: 2F 0-1: Foul Ball, location: 2F 0-2: Ball 1-2: Foul Ball, location: 2F 1-2: Ball 2-2: SINGLE (Line Drive, 6MD, EV 96.2 MPH)
|
|
Batting: RHB Erik Mulligan
|
0-0: Ball 1-0: Foul Ball, location: 2F 1-1: Fielders Choice at 2nd, 1-6 (Groundball, 13S, EV 65.0 MPH)
|
|
Batting: LHB Chad Cutler
|
0-0: Foul Ball, location: 2F 0-1: Swinging Strike 0-2: Ball 1-2: Ball 2-2: Strikes out swinging
|
|
Batting: RHB Terrence Wilson
|
0-0: Ball 1-0: Ball 2-0: Ball 3-0: Base on Balls Erik Mulligan to second
|
|
Batting: RHB Tim Moore
|
0-0: SINGLE (Groundball, 34D, EV 107.5 MPH) Erik Mulligan to third Terrence Wilson to second Runner from 3rd tries for Home, SAFE, throw by RF to home
|
|
Batting: RHB Brandon White
|
0-0: Ball 1-0: Called Strike 1-1: Fly out, F7 (Flyball, 7LS, EV 80.0 MPH)
|
| Top of the 5th over - 1 run, 2 hits, 0 errors, 2 left on base; Chester 1 - Brockton 0 |
| BOTTOM OF THE 5TH |
|
Brockton Rox batting - Pitching for Chester Pirates : RHP Hitoshi Yoshihara
|
|
Batting: RHB Alex Melendez
|
0-0: Ball 1-0: Ball 2-0: Called Strike 2-1: Foul Ball, location: 2F 2-2: Ball 3-2: Fly out, F6 (Line Drive, 6, EV 76.2 MPH)
|
|
Batting: RHB Travis Campbell
|
0-0: Fly out, F6 (Popup, 6, EV 60.6 MPH)
|
|
Batting: RHB Scott Hawkins
|
0-0: Called Strike 0-1: Called Strike 0-2: Ball 1-2: Foul Ball, location: 2F 1-2: Foul Ball, location: 2F 1-2: Foul Ball, location: 2F 1-2: Ball 2-2: Fly out, F4 (Popup, 4M, EV 60.0 MPH)
|
| Bottom of the 5th over - 0 runs, 0 hits, 0 errors, 0 left on base; Chester 1 - Brockton 0 |
| TOP OF THE 6TH |
|
Chester Pirates batting - Pitching for Brockton Rox : RHP Austin O'Connor
|
|
Batting: LHB Carlos Vega
|
0-0: Ball 1-0: Fly out, F8 (Flyball, 8RM, EV 77.5 MPH)
|
|
Batting: RHB Zach Chmieleski
|
0-0: Fly out, F7 (Flyball, 7LD, EV 95.0 MPH)
|
|
Batting: SHB Don Hauk
|
0-0: Fly out, F2 (Popup, 2RF, EV 86.2 MPH)
|
| Top of the 6th over - 0 runs, 0 hits, 0 errors, 0 left on base; Chester 1 - Brockton 0 |
| BOTTOM OF THE 6TH |
|
Brockton Rox batting - Pitching for Chester Pirates : RHP Hitoshi Yoshihara
|
|
Batting: LHB Mike Hutcheson
|
0-0: Ball 1-0: Swinging Strike 1-1: SINGLE (Line Drive, 78S, EV 93.8 MPH)
|
|
Batting: RHB Sal Rivera
|
0-0: Swinging Strike 0-1: Foul Ball, location: 2F 0-2: Ball 1-2: Strikes out swinging
|
|
Pinch Hitting: LHB John Buff
|
0-0: Swinging Strike 0-1: Foul Ball, location: 2F 0-2: Foul Ball, location: 2F 0-2: Strikes out swinging
|
|
Batting: LHB Danny Montoya
|
0-0: Called Strike 0-1: Called Strike 0-2: Fly out, F8 (Flyball, 89D, EV 100.6 MPH)
|
| Bottom of the 6th over - 0 runs, 1 hit, 0 errors, 1 left on base; Chester 1 - Brockton 0 |
| TOP OF THE 7TH |
|
Chester Pirates batting - Pitching for Brockton Rox : RHP Austin O'Connor
|
|
Now at SS: Ted Emmerich
|
|
|
Batting: RHB Frank Elizondo
|
0-0: Called Strike 0-1: Ball 1-1: Foul Ball, location: 2F 1-2: Ball 2-2: Foul Ball, location: 2F 2-2: Foul Ball, location: 2F 2-2: Ball 3-2: Foul Ball, location: 2F 3-2: Foul Ball, location: 2F 3-2: Foul Ball, location: 2F 3-2: Ground out 4-3 (Groundball, 34, EV 105.0 MPH)
|
|
Pitching: RHP Joseph Anderson
|
|
|
Batting: RHB Erik Mulligan
|
0-0: Called Strike 0-1: Ball 1-1: Foul Ball, location: 2F 1-2: Fly out, F7 (Line Drive, 7, EV 100.0 MPH)
|
|
Batting: LHB Chad Cutler
|
0-0: Called Strike 0-1: Ball 1-1: Ball 2-1: Foul Ball, location: 2F 2-2: Strikes out swinging
|
| Top of the 7th over - 0 runs, 0 hits, 0 errors, 0 left on base; Chester 1 - Brockton 0 |
| BOTTOM OF THE 7TH |
|
Brockton Rox batting - Pitching for Chester Pirates : RHP Hitoshi Yoshihara
|
|
Batting: LHB Miguel Maymi
|
0-0: Ball 1-0: Ball 2-0: Called Strike 2-1: SINGLE (Line Drive, 8LS, EV 103.1 MPH)
|
|
Pinch Hitting: LHB Carlos Guerra
|
0-0: Called Strike 0-1: Ball 1-1: Ball 2-1: Called Strike 2-2: Strikes out looking
|
|
Batting: RHB Alex Melendez
|
0-0: Grounds into double play, 5-4-3 (Groundball, 5, EV 106.9 MPH)
|
| Bottom of the 7th over - 0 runs, 1 hit, 0 errors, 0 left on base; Chester 1 - Brockton 0 |
| TOP OF THE 8TH |
|
Chester Pirates batting - Pitching for Brockton Rox : RHP Joseph Anderson
|
|
Now in LF: Scott Hawkins
|
|
|
Now in RF: Carlos Guerra
|
|
|
Batting: RHB Terrence Wilson
|
0-0: Called Strike 0-1: Foul Ball, location: 2F 0-2: Foul Ball, location: 2F 0-2: Ball 1-2: SOLO HOME RUN (Flyball, 7D, EV 105.0 MPH), Distance : 395 ft
|
|
Batting: RHB Tim Moore
|
0-0: Ball 1-0: Fly out, F8 (Line Drive, 8RD, EV 89.4 MPH)
|
|
Batting: RHB Brandon White
|
0-0: Called Strike 0-1: Ball 1-1: Ball 2-1: Ball 3-1: SINGLE (Groundball, 56D, EV 96.9 MPH)
|
|
Batting: LHB Carlos Vega
|
0-0: Swinging Strike 0-1: Foul Ball, location: 2F 0-2: Ball 1-2: Foul Ball, location: 2F 1-2: Ball 2-2: Fly out, F8 (Line Drive, 8RD, EV 90.6 MPH)
|
|
Batting: RHB Zach Chmieleski
|
0-0: Foul Ball, location: 2F 0-1: Called Strike 0-2: Strikes out swinging
|
| Top of the 8th over - 1 run, 2 hits, 0 errors, 1 left on base; Chester 2 - Brockton 0 |
| BOTTOM OF THE 8TH |
|
Brockton Rox batting - Pitching for Chester Pirates : RHP Hitoshi Yoshihara
|
|
Batting: RHB Travis Campbell
|
0-0: Called Strike 0-1: Ball 1-1: Ball 2-1: Foul Ball, location: 2F 2-2: Strikes out swinging
|
|
Batting: RHB Scott Hawkins
|
0-0: SINGLE (Line Drive, 8RS, EV 108.1 MPH)
|
|
Batting: LHB Mike Hutcheson
|
0-0: Ball 1-0: Ball 2-0: Foul Ball, location: 2F 2-1: Fly out, F9 (Flyball, 9LM, EV 93.8 MPH)
|
|
Batting: RHB Sal Rivera
|
0-0: Ball 1-0: Fly out, F2 (Popup, 15S, EV 89.4 MPH)
|
| Bottom of the 8th over - 0 runs, 1 hit, 0 errors, 1 left on base; Chester 2 - Brockton 0 |
| TOP OF THE 9TH |
|
Chester Pirates batting - Pitching for Brockton Rox : RHP Joseph Anderson
|
|
Pitching: LHP Jon Convery
|
|
|
Batting: SHB Don Hauk
|
0-0: Called Strike 0-1: Ball 1-1: Foul Ball, location: 2F 1-2: Foul Ball, location: 2F 1-2: Foul Ball, location: 2F 1-2: Fly out, F8 (Flyball, 8LS, EV 83.1 MPH)
|
|
Batting: RHB Frank Elizondo
|
0-0: Called Strike 0-1: Ball 1-1: Foul Ball, location: 2F 1-2: Foul Ball, location: 2F 1-2: Strikes out swinging
|
|
Batting: RHB Erik Mulligan
|
0-0: Called Strike 0-1: Ball 1-1: Swinging Strike 1-2: Ball 2-2: Ball 3-2: Strikes out swinging
|
| Top of the 9th over - 0 runs, 0 hits, 0 errors, 0 left on base; Chester 2 - Brockton 0 |
| BOTTOM OF THE 9TH |
|
Brockton Rox batting - Pitching for Chester Pirates : RHP Hitoshi Yoshihara
|
|
Pitching: RHP Steve Kane
|
|
|
Now at 1B: Dustin Herman
|
|
|
Batting: RHB Ted Emmerich
|
0-0: Ball 1-0: Called Strike 1-1: Ball 2-1: Fly out, F8 (Flyball, 8RD, EV 88.1 MPH)
|
|
Batting: LHB Danny Montoya
|
0-0: Ball 1-0: Ball 2-0: Ball 3-0: Base on Balls
|
|
Batting: LHB Miguel Maymi
|
0-0: Fly out, F8 (Flyball, 8LXD, EV 85.0 MPH)
|
|
Batting: LHB Carlos Guerra
|
0-0: Ball 1-0: Ball 2-0: Ball 3-0: Base on Balls Danny Montoya to second
|
|
Batting: RHB Alex Melendez
|
0-0: Reached on error, E6 (Groundball, 6, EV 101.9 MPH) Danny Montoya to third Carlos Guerra to second
|
|
Batting: RHB Travis Campbell
|
0-0: Fly out, F8 (Flyball, 78M, EV 77.5 MPH)
|
| Bottom of the 9th over - 0 runs, 0 hits, 1 error, 3 left on base; Chester 2 - Brockton 0 |
|